 Dungeon Crawl Stone Soup version 0.28-a0-823-gb444dcf96d (webtiles) character file.

Game seed: 9293512783341016406

2515 ytrimaz the Ruffian (level 9, -7/80 HPs)
             Began as a Demigod Transmuter on Nov 9, 2021.
             Shot with an arrow by a centaur (12 damage)
             ... on level 7 of the Dungeon.
             The game lasted 00:17:12 (7432 turns).

ytrimaz the Ruffian (Demigod Transmuter)            Turns: 7432, Time: 00:17:12

Health: -7/80      AC:  7    Str: 15    XL:     9   Next: 8%
Magic:  22/22      EV: 10    Int: 23    God:
Gold:   454        SH:  0    Dex: 14    Spells: 10/20 levels left

rFire   x . .      SeeInvis .     - Unarmed
rCold   + + +      Faith    .   (shield currently unavailable)
rNeg    . . .      Spirit   .   (armour currently unavailable)
rPois   +          Reflect  .   (helmet currently unavailable)
rElec   .          Harm     .   (cloak currently unavailable)
rCorr   .          Rampage  .   (gloves currently unavailable)
Will    .....                   (boots currently unavailable)
Stlth   +.........              b - amulet of regeneration
HPRegen 1.23/turn               (no ring)
MPRegen 0.18/turn               (no ring)

@: ice-form
A: freezing attack, amphibious, boosted hp, large, high mp 1, forlorn
a: End Transformation


You were on level 7 of the Dungeon.
You were a creature of crystalline ice.
You visited 1 branch of the dungeon, and saw 7 of its levels.
You also visited: Ossuary.

You collected 755 gold pieces.
You spent 301 gold pieces at shops.

Inventory:

Armour
 a - a +0 robe (melded)
 d - a +2 kite shield
 g - a +0 plate armour
 h - the +4 chain mail of Creativity {+Blink rPois}
   (You found it on level 5 of the Dungeon)

   rPois:     It protects you from poison.
   +Blink:    It lets you blink.
 p - a +2 pair of boots of flying (melded)
Jewellery
 b - an amulet of regeneration (around neck)
 x - a ring of ice
 y - a ring of see invisible
Wands
 u - a wand of mindburst (15)
Scrolls
 i - 4 scrolls of noise
 o - a scroll of vulnerability
 q - 2 scrolls of blinking
 s - a scroll of enchant armour
 v - a scroll of amnesia
 w - a scroll of teleportation
 A - a scroll of identify
Potions
 c - 3 potions of brilliance
 e - 2 potions of might {unknown}
 f - a potion of curing
 j - a potion of heal wounds {unknown}
 k - a potion of flight
 l - a potion of ambrosia {unknown}
 m - a potion of magic {unknown}
 n - a potion of mutation {unknown}
 r - a potion of berserk rage {unknown}
 t - a potion of attraction {unknown}
 z - a potion of haste {unknown}


   Skills:
 * Level 1.7 Fighting
 - Level 1.7 Dodging
 + Level 7.3 Unarmed Combat
 * Level 6.3 Spellcasting
 * Level 6.3 Transmutations
 - Level 1.2 Ice Magic


You had 10 spell levels left.
You knew the following spells:

 Your Spells              Type           Power      Damage    Failure   Level
a - Beastly Appendage     Tmut           72%        N/A       1%          1
b - Wereblood             Tmut           36%        N/A       1%          2
c - Spider Form           Tmut/Pois      21%        N/A       7%          3
d - Ice Form              Ice/Tmut       24%        N/A       17%         4

Your spell library contained the following spells:

 Spells                   Type           Power      Damage    Failure   Level
 Magic Dart               Conj           28%        1d4       9%          1
 Call Imp                 Summ           7%         N/A       13%         2
 Sublimation of Blood     Necr           7%         N/A       13%         2
 Petrify                  Tmut/Erth      21%        N/A       22%         4
 Gell's Gravitas          Tloc           7%         N/A       26%         3
 Mephitic Cloud           Conj/Pois/Air  7%         N/A       26%         3
 Teleport Other           Tloc           7%         N/A       26%         3
 Irradiate                Conj/Tmut      10%        3d17      52%         5
 Fireball                 Conj/Fire      3%         3d4       93%         5
 Iskenderun's Battlesphe  Conj           7%         2d6       93%         5
 Conjure Ball Lightning   Conj/Air       3%         3x3d6     100%        6
 Dispersal                Tloc           3%         N/A       100%        6
 Orb of Destruction       Conj           3%         9d1       100%        7


Dungeon Overview and Level Annotations

Branches:
Dungeon (7/15)             Temple (0/1) D:6         Ossuary (visited)

Shops:
D:1 (?[?   D:2 !   D:5 ?

Annotations:
D:5 2 runed translucent doors


Innate Abilities, Weirdness & Mutations

You are a creature of crystalline ice.
You have a powerful freezing melee attack.
You are amphibious.
Your maximum health is increased.
Your armour is entirely melded.
You are incapable of wielding weapons or throwing items.
Your attributes grow dramatically as you level up.
You have an increased reservoir of magic. (+10% MP)
You shall have no god before yourself.


Message History

You hear a distant slurping noise.
The door mysteriously vanishes.
A jelly is nearby!
You pummel the jelly!! You freeze the jelly.
You kill the jelly!
You start resting.
HP restored.
You start resting.
Magic restored.
You open the door.
There is an open door here. 2 centaurs come into view.
The centaur shouts!
A centaur comes into view.
The centaur wields a +0 shortbow.
The centaur shoots an arrow.
The arrow hits you!
The centaur shoots an arrow.
The arrow hits you!
The centaur shouts! x2
The centaur wields a +0 shortbow.
The centaur shoots an arrow.
The arrow completely misses you.
A centaur comes into view. It is wielding a +0 halberd.
The centaur shoots an arrow.
The arrow hits you!
The centaur shoots an arrow.
The arrow closely misses you.
The centaur shoots an arrow.
The arrow closely misses you.
The centaur shoots an arrow.
The arrow hits you!
The centaur shoots an arrow.
The arrow hits you.
You hear the faint creaking of a distant portcullis.
The centaur shoots an arrow.
The arrow hits you!
The centaur shoots an arrow.
The arrow hits you!
The centaur shoots an arrow.
The arrow barely misses you.
Unknown command.
The centaur shoots an arrow.
The arrow closely misses you.
The centaur unwields a +0 halberd.
The centaur wields a +0 shortbow.
The centaur shoots an arrow.
The arrow closely misses you.
The centaur shoots an arrow.
The arrow hits you!
* * * LOW HITPOINT WARNING * * *
The centaur shoots an arrow.
The arrow hits you.
* * * LOW HITPOINT WARNING * * *
The centaur shoots an arrow.
The arrow hits you!
* * * LOW HITPOINT WARNING * * *
The centaur shoots an arrow.
The arrow hits you!
You die...

..##########.....#
.................# ###
######.#.....# .... #
######.#.....# .... #
#......#.....# ..... #
#......###'### ..... #
#......# #..# ...... #
#......# ##.##......
#......###≈≈Y≈.....#
........≈≈≈≈≈≈≈≈....#
######≈≈≈≈≈≈≈≈≈≈≈≈≈≈≈.
≈≈≈≈≈≈≈≈≈≈≈≈≈≈≈≈≈
≈≈≈≈≈≈cc≈≈≈≈≈≈≈≈≈≈
≈≈≈≈≈.cccc.≈≈≈≈≈≈≈≈
≈........≈≈≈≈≈≈≈
...#'#..≈≈≈≈≈≈≈
...#.#..≈≈≈≈≈≈≈


You could see 6 centaurs.

Vanquished Creatures
  An orc warrior (D:6)
  An ice beast (D:5)
  A sky beast (D:5)
  2 black bears
  An ogre (D:4)
  4 necrophages
  3 phantoms (D:5)
  2 elf zombies (Ossuary)
  A wyvern zombie (D:6)
  A gnoll sergeant (D:5)
  3 scorpions
  A water moccasin skeleton (D:4)
  A jelly (D:7)
  A howler monkey (D:5)
  6 hounds
  A centaur zombie (D:5)
  A gnoll shaman (D:6)
  A centaur skeleton (D:4)
  A human zombie (Ossuary)
  3 orc wizards
  2 iguanas (D:4)
  3 hound zombies
  3 hound skeletons (D:4)
  3 mummies (Ossuary)
  A howler monkey zombie (D:5)
  11 adders
  4 gnolls (D:6)
  A shadow imp (D:5)
  A white imp (D:5)
  3 adder skeletons
  2 adder zombies (Ossuary)
  A dart slug (D:2)
  11 orcs
  6 ball pythons
  7 bats
  9 endoplasms
  4 giant cockroaches
  6 gnoll zombies (Ossuary)
  7 goblins
  8 hobgoblins
  12 jackals
  7 quokkas
  5 frilled lizards
  3 goblin zombies (Ossuary)
  3 hobgoblin zombies (Ossuary)
  5 jackal zombies (Ossuary)
  14 kobolds
  2 kobold zombies (Ossuary)
  An orc zombie (Ossuary)
  3 quokka zombies (Ossuary)
  4 rats
  4 rat zombies (Ossuary)
192 creatures vanquished.

Notes
Turn   | Place    | Note
-------+----------+-------------------------------------------
     0 | D:1      | ytrimaz the Demigod Transmuter began the quest for the Orb.
     0 | D:1      | Reached XP level 1. HP: 15/15 MP: 5/5
    25 | D:1      | Found Misiatem's Armour Shop.
    66 | D:1      | Found Inith's Magic Scroll Shoppe.
   441 | D:1      | Found Wiops's Magic Scroll Boutique.
   512 | D:1      | Reached XP level 2. HP: 22/22 MP: 5/7
   565 | D:1      | Reached skill level 3 in Unarmed Combat
   801 | D:1      | Found Mius's Antique Weapon Emporium.
  1108 | D:1      | Learned a level 2 spell: Wereblood
  1639 | D:2      | Found Wintopn's Distillery.
  1825 | D:2      | Reached XP level 3. HP: 27/27 MP: 7/9
  2937 | D:3      | Reached XP level 4. HP: 32/34 MP: 9/11
  3452 | D:4      | Noticed a necrophage
  3462 | D:4      | Killed a necrophage
  3463 | D:4      | Reached XP level 5. HP: 34/39 MP: 10/13
  3486 | D:3      | Learned a level 3 spell: Spider Form
  3794 | D:4      | Reached skill level 4 in Unarmed Combat
  3794 | D:4      | Reached XP level 6. HP: 35/46 MP: 4/15
  4688 | D:4      | Reached XP level 7. HP: 26/51 MP: 12/17
  4854 | D:5      | Entered Level 5 of the Dungeon
  4877 | D:5      | Identified the +4 chain mail of Creativity {+Blink rPois}
  4889 | D:5      | Learned a level 4 spell: Ice Form
  5018 | D:5      | Found Osoycw's Magic Scroll Emporium.
  5026 | D:5      | Bought a scroll of blinking for 105 gold pieces
  5026 | D:5      | Bought a scroll of teleportation for 42 gold pieces
  5026 | D:5      | Bought a scroll of enchant armour for 105 gold pieces
  5026 | D:5      | Bought a scroll of magic mapping for 49 gold pieces
  5113 | D:5      | Reached skill level 5 in Unarmed Combat
  5151 | D:5      | Found a large runed translucent door.
  5151 | D:5      | Found a large runed translucent door.
  5164 | D:5      | Found a large runed translucent door.
  5164 | D:5      | Found a large runed translucent door.
  5335 | D:5      | Found a sand-covered staircase.
  5341 | Ossuary  | Entered an ossuary
  5424 | Ossuary  | Reached skill level 5 in Spellcasting
  5505 | Ossuary  | Reached skill level 5 in Transmutations
  5693 | D:5      | Reached XP level 8. HP: 58/58 MP: 15/19
  5818 | D:5      | Reached skill level 6 in Unarmed Combat
  6243 | D:5      | Reached skill level 1 in Ice Magic
  6493 | D:6      | Reached skill level 1 in Fighting
  6556 | D:6      | Reached skill level 7 in Unarmed Combat
  6733 | D:6      | Found a staircase to the Ecumenical Temple.
  7005 | D:6      | Reached XP level 9. HP: 62/64 MP: 20/22
  7432 | D:7      | Shot with an arrow by a centaur

Illustrated notes

Levels and vault maps discovered:
D:1:      lemuel_arrival_room, layout_basic, serial_shops, shop,
          nicolae_shop_trees, shop, shop, basic_ecumenical_altar
D:2:      layout_loops_ring, serial_shops, shop
D:3:      wad_river_or_something, layout_rooms
D:4:      minmay_polygon_palace, layout_basic, serial_curves, eino_curves_01,
          eino_curves_04, eino_curves_02, minmay_starry_boxes
D:5:      layout_basic, nicolae_ossuary_entry_plus, serial_shops, shop_scrolls,
          minmay_hollow_rounded_squares
D:6:      layout_loops_ring, minmay_temple_entry_mist, minivault_27
D:7:      layout_basic, enter_bailey_5, centaur_isle

Skill      XL: |  1  2  3  4  5  6  7  8 |
---------------+-------------------------+-----
Spellcasting   | 2 3 4 5 6 |  6.3
Transmutations | 2 3 4 5 6 |  6.3
Unarmed Combat | 3 4 5 7 |  7.3
Ice Magic      | 1 |  1.2
Fighting       | 1 |  1.7
Dodging        | |  1.7

Action                   |  1- 3 |  4- 6 |  7- 9 || total
-------------------------+-------+-------+-------++-------
Melee: Unarmed           |   156 |   213 |   273 ||   642
       Kick              |    27 |    27 |    25 ||    79
       Headbutt          |    24 |    13 |    14 ||    51
       Punch             |     2 |     1 |     4 ||     7
 Cast: Beastly Appendage |    39 |    21 |     8 ||    68
       Wereblood         |     6 |     5 |     6 ||    17
       Spider Form       |       |    13 |     4 ||    17
       Ice Form          |       |       |    18 ||    18
  Use: Scroll            |     1 |     3 |     7 ||    11
       Potion            |       |       |     1 ||     1
 Stab: Sleeping          |     2 |     1 |     1 ||     4
Armor: Robe              |    38 |    24 |    31 ||    93
       Skin              |       |     8 |    40 ||    48
Dodge: Dodged            |   109 |   162 |   184 ||   455

Table legend: (Time is in decaauts)
 A = Elapsed time spent in this place.
 B = Non-inter-level travel time spent in this place.
 C = Inter-level travel time spent in this place.
 D = Time resting spent in this place.
 E = Time spent auto-exploring this place.
 F = Levels seen in this place.
 G = Mean time per level.
                   A        B        C        D        E       F      G
               +--------+--------+--------+--------+--------+-----+--------+
         Total |   7379 |   7209 |    170 |    120 |   5204 |   8 |  922.4 |
       Dungeon |   7055 |   6885 |    170 |    120 |   5119 |   7 | 1007.9 |
       Ossuary |    324 |    324 |      0 |      0 |     85 |   1 |  324.0 |
               +--------+--------+--------+--------+--------+-----+--------+

Top non-repeatable levels by time:
     D:1: 1499 daAuts
     D:4: 1383 daAuts
     D:2: 1270 daAuts
     D:5: 1158 daAuts
     D:6: 913 daAuts
     D:3: 677 daAuts
 Ossuary: 324 daAuts
     D:7: 152 daAuts
